 Dungeon Crawl Stone Soup version 0.21.1-1-g345015f (webtiles) character file.

347 spiff the Digger (level 6, -7/35 HPs)
             Began as a Gargoyle Earth Elementalist on June 25, 2018.
             Killed by divine providence
             ... invoked by an orc priest
              (13 damage)
             ... on level 4 of the Dungeon.
             The game lasted 00:07:55 (3075 turns).

spiff the Digger (Gargoyle Earth Elementalist)      Turns: 3075, Time: 00:07:56

Health: -7/35      AC: 12    Str: 11    XL:     6   Next: 59%
Magic:  11/11      EV: 10    Int: 18    God:
Gold:   238        SH:  3    Dex: 10    Spells: 8/12 levels left

rFire    . . .     SeeInvis .   k - +3 short sword (venom)
rCold    . . .     Gourm    .   (no shield)
rNeg     + . .     Faith    .   g - +3 ring mail
rPois    ∞         Spirit   .   (no helmet)
rElec    +         Reflect  +   (no cloak)
rCorr    .         Harm     .   (no gloves)
MR       .....                  (no boots)
Stlth    +.........             q - +3 amulet of reflection
HPRegen  0.11/turn              o - ring of flight
MPRegen  0.12/turn              (no ring)

@: very slightly contaminated, invisible
A: negative energy resistance 1, electricity resistance, unbreathing,
petrification resistance, rot immunity, AC +4
a: Evoke Flight


You were on level 4 of the Dungeon.
You were not hungry.

You visited 1 branch of the dungeon, and saw 4 of its levels.

You collected 238 gold pieces.

Inventory:

Hand Weapons
 k - a +3 short sword of venom (weapon)
 r - a +0 blowgun
Missiles
 b - 84 stones (quivered)
 s - 2 poisoned needles
Armour
 c - a +0 robe
 g - a +3 ring mail (worn)
Jewellery
 o - a ring of flight (left hand)
 q - a +3 amulet of reflection (around neck)
Wands
 i - a wand of digging (14)
 j - a wand of random effects (29)
Scrolls
 n - 3 scrolls of teleportation
 v - a scroll of amnesia {unknown}
Potions
 a - a potion of brilliance {unknown}
 f - a potion of heal wounds {unknown}
 h - a potion of curing {unknown}
 m - a potion of haste {unknown}
 t - a potion of degeneration {unknown}
Books
 e - a book of Geomancy

   Spells                             Type                      Level
   a - Sandblast                      Earth                        1
   b - Passwall                       Transmutation/Earth          2
   c - Stone Arrow                    Conjuration/Earth            3
   d - Petrify                        Transmutation/Earth          4
   e - Lee's Rapid Deconstruction     Earth                        5
 p - a book of Cantrips

   Spells                             Type                      Level
   a - Confusing Touch                Hexes                        1
   b - Animate Skeleton               Necromancy                   1
   c - Summon Small Mammal            Summoning                    1
   d - Apportation                    Translocation                1
Comestibles
 d - 5 rations
 u - a chunk of flesh


   Skills:
 + Level 2.0 Fighting
 + Level 2.0 Armour
 + Level 2.3 Dodging
 - Level 2.1 Stealth
 + Level 3.8 Spellcasting
   Level 0.7 Transmutations
 + Level 5.7 Earth Magic


You had 8 spell levels left.
You knew the following spells:

 Your Spells              Type           Power        Failure   Level  Hunger
a - Sandblast             Erth           ###...       3%          1    None
b - Stone Arrow           Conj/Erth      ##....       32%         3    ###....


Dungeon Overview and Level Annotations

Branches:
Dungeon (4/15)
 Temple: D:4-7

Altars:
Cheibriados
Okawaru
Xom


Innate Abilities, Weirdness & Mutations

You are resistant to torment.
Your stone body is resilient. (AC +4)
You are immune to poison.
You resist negative energy. (rN+)
You are resistant to electric shocks. (rElec)
You can survive without breathing.
You are immune to petrification.
You are immune to rotting.


Message History

The orc hits you but does no damage.
You hit the orc.
You kill the orc!
The orc priest completely misses you.
Items here: ))) [ †† You hit the orc priest but do no damage.
The orc priest barely misses you.
You hit the orc priest.
The orc priest is poisoned.
The orc priest is moderately wounded.
The orc priest hits you with a hand axe of chopping.
* * * LOW HITPOINT WARNING * * *
x2 You hit the orc priest but do no damage.
The orc priest looks even sicker.
The orc priest is moderately wounded.
The orc priest barely misses you.
You hit the orc priest.
The orc priest is heavily wounded.
The orc priest invokes the aid of Beogh against you.
Beogh smites you!
You die...

.........###...$
####...........#
##.?......##
#.........#
#..........#
#...###.....#
...# ##...## ###
..# ###(.## ##.#
.# ##..###@##
##...o## ##.)##
#.## #.§ #o..
.#..# # #.. #.#


You could see an orc priest.

Vanquished Creatures
  The ghost of kalagan the Firebug, an amateur DEFE (D:3)
  A hound (D:4)
  2 orc wizards (D:4)
  Terence (D:3)
  A worker ant (D:3)
  A gnoll (D:1)
  4 adders
  An ooze (D:2)
  A dart slug (D:2)
  2 leopard geckos
  3 orcs
  A giant cockroach (D:2)
  10 goblins
  7 hobgoblins
  3 jackals (D:3)
  5 kobolds
  A quokka (D:2)
  A ball python (D:1)
  7 bats
  5 frilled lizards
  8 rats
66 creatures vanquished.

Notes
Turn   | Place    | Note
-------+----------+-------------------------------------------
     0 | D:1      | spiff the Gargoyle Earth Elementalist began the quest for the Orb.
     0 | D:1      | Reached XP level 1. HP: 10/10 MP: 3/3
   201 | D:1      | Reached skill level 4 in Earth Magic
   201 | D:1      | Reached XP level 2. HP: 13/15 MP: 0/5
   358 | D:1      | Reached XP level 3. HP: 5/19 MP: 0/6
   783 | D:1      | Learned a level 3 spell: Stone Arrow
  1446 | D:2      | Found an iron altar of Okawaru.
  1673 | D:2      | Found a shimmering altar of Xom.
  1760 | D:2      | Reached XP level 4. HP: 24/24 MP: 8/8
  1852 | D:2      | Reached skill level 5 in Earth Magic
  2113 | D:3      | Noticed kalagan's ghost (amateur DEFE)
  2277 | D:3      | Found a snail-covered altar of Cheibriados.
  2418 | D:3      | Killed kalagan's ghost
  2418 | D:3      | Reached skill level 1 in Fighting
  2418 | D:3      | Reached skill level 1 in Armour
  2418 | D:3      | Reached XP level 5. HP: 23/29 MP: 0/10
  2602 | D:3      | Noticed Terence
  2610 | D:3      | Killed Terence
  2610 | D:3      | Reached XP level 6. HP: 30/34 MP: 11/11
  3075 | D:4      | Killed from afar by an orc priest

Skill      XL: |  1  2  3  4  5  6 |
---------------+-------------------+-----
Earth Magic    | 4 5 |  5.7
Spellcasting   | 3 |  3.8
Fighting       | 1 2 |  2.0
Armour         | 1 2 |  2.0
Dodging        | 2 |  2.3
Stealth        | |  2.1
Transmutations | |  0.7

Action                   |  1- 3 |  4- 6 || total
-------------------------+-------+-------++-------
Melee: Whip              |    32 |       ||    32
       Unarmed           |     1 |       ||     1
       Short sword       |    24 |    97 ||   121
 Cast: Sandblast         |    19 |     8 ||    27
       Stone Arrow       |     7 |     1 ||     8
  Use: Scroll            |     5 |     3 ||     8
       Potion            |       |     1 ||     1
 Stab: Sleeping          |     1 |       ||     1
       Confused          |       |     1 ||     1
       Invisible         |       |     1 ||     1
  Eat: Chunk             |     4 |     4 ||     8
Armor: Robe              |    26 |       ||    26
       Ring mail         |     6 |    62 ||    68
Dodge: Dodged            |    61 |    54 ||   115
Block: Other             |       |    13 ||    13
       Reflection        |       |     1 ||     1
